 Dungeon Crawl Stone Soup version 0.17-a0-848-g7e5c6af (webtiles) character file.

1956 namelastname112 the Bolt Thrower (level 8, -10/70 HPs)
             Began as a Purple Draconian Hunter on Apr 27, 2015.
             Was an Initiate of Okawaru.
             Mangled by an orc warrior
             ... wielding a +0 flail
              (17 damage)
             ... on level 6 of the Dungeon.
             The game lasted 00:14:24 (6736 turns).

namelastname112 the Bolt Thrower (DrHu)             Turns: 6736, Time: 00:14:24

Health: -10/70     AC:  7    Str: 15    XL:     8   Next: 99%
Magic:  8/8        EV: 15    Int: 11    God:    Okawaru [......]
Gold:   464        SH:  0    Dex: 14    Spells: 0 memorised, 7 levels left

rFire  . . .     SeeInvis .     b - +0 arbalest
rCold  . . .     Clarity  .     (armour unavailable)
rNeg   . . .     SustAb   .     (no shield)
rPois  .         Gourm    .     (helmet restricted)
rElec  .         Spirit   .     (no cloak)
rCorr  .         Warding  .     A - +0 pair of gloves
rMut   +         Rnd*Tele +     (no boots)
MR     +....                    D - amulet of resist mutation
Stlth  ++........               (no ring)
                                u - ring of teleportation (curse)

@: somewhat resistant to hostile enchantments, unstealthy
A: breathe power, unfitting armour, cold-blooded, AC +6
a: Breathe Dispelling Energy, Renounce Religion, Evoke Teleportation


You were on level 6 of the Dungeon.
You worshipped Okawaru.
Okawaru was noncommittal.
You were not hungry.

You visited 2 branches of the dungeon, and saw 7 of its levels.

You collected 464 gold pieces.

Inventory:

Hand weapons
 a - a +0 trident
 b - a +0 arbalest (weapon)
Missiles
 c - 11 bolts (quivered)
Armour
 A - a +0 pair of gloves (worn)
Jewellery
 u - a cursed ring of teleportation (left hand)
 D - an amulet of resist mutation (around neck)
Magical devices
 e - a wand of slowing (27)
 y - a wand of fireball (3)
Scrolls
 f - 5 scrolls of remove curse {unknown}
 h - a scroll of noise {unknown}
 i - 2 scrolls of blinking {unknown}
 k - 2 scrolls of fear {unknown}
 l - a scroll of magic mapping {unknown}
 p - a scroll of enchant weapon {unknown}
 q - 7 scrolls of identify {unknown}
 r - a scroll of amnesia {unknown}
 s - a scroll of random uselessness {unknown}
 t - 2 scrolls of fog {unknown}
 z - 2 scrolls of recharging {unknown}
 B - 3 scrolls of teleportation {unknown}
Potions
 j - a potion of magic {unknown}
 m - a potion of haste
 n - 3 potions of invisibility {unknown}
 v - a potion of cancellation {unknown}
 x - a potion of restore abilities {unknown}
 C - 2 potions of might {unknown}
 F - a potion of berserk rage {unknown}
 G - a potion of poison {unknown}
Comestibles
 d - 5 bread rations
 g - 7 meat rations
 o - a fruit
 w - 2 beef jerkies
 E - a royal jelly


   Skills:
 + Level 6.0 Fighting
 + Level 4.7 Polearms
 * Level 7.7 Crossbows
 + Level 5.3 Dodging
 - Level 0.8 Stealth


You had 7 spell levels left.
You didn't know any spells.

Dungeon Overview and Level Annotations

Branches:
Dungeon (6/15)             Temple (1/1) D:5

Altars:
Cheibriados
Dithmenos
Elyvilon
Fedhas
Kikubaaqudgha
Okawaru
Sif Muna
Trog
Vehumet
Xom
Zin
The Shining One


Innate Abilities, Weirdness & Mutations

You can breathe bolts of dispelling energy.
Your rich purple scales are hard (AC +6).
Your body does not fit into most forms of armour.
You are cold-blooded and may be slowed by cold attacks.


Message History

Aim: an orc warrior, wielding a flail and wearing a plate armour (heavily wounded)
You shoot a bolt of frost.
The bolt of frost hits the orc warrior but does no damage.
The bolt of frost freezes the orc warrior.
The orc warrior is heavily wounded.
The orc warrior barely misses you.
Firing (i - inventory. (,) - cycle):
H - 2 bolts of frost (quivered)
Press: ? - help, Shift-Dir - straight line, f/p - orc warrior
Aim: an orc warrior, wielding a flail and wearing a plate armour (heavily wounded)
You shoot a bolt of frost.
The bolt of frost closely misses the orc warrior.
The orc warrior hits you but does no damage.
Firing (i - inventory. (,) - cycle):
H - a bolt of frost (quivered)
Press: ? - help, Shift-Dir - straight line, f/p - orc warrior
Aim: an orc warrior, wielding a flail and wearing a plate armour (heavily wounded)
You shoot a bolt of frost. The bolt of frost hits the orc warrior.
The bolt of frost freezes the orc warrior.
The orc warrior is severely wounded.
The orc warrior hits you with a flail!
You die...

##.^......#
.#####...#####.#
.........#####.########
.#####................#
#.....###.######.#
##....# #.# #....###.#
#........# ##@#######
#o# ... ...(. .....(.
......... #.###
..........+ .....
........% #.### ...


You could see an orc warrior.

Vanquished Creatures
  The ghost of Zwobot the Chucker, an average CeAM of Okawaru (D:5)
  An orc warrior (D:6)
  A phantom (D:5)
  2 ice beasts
  5 ogres
  2 centaurs
  A giant frog (D:3)
  3 scorpions
  2 crimson imps
  A hound (D:6)
  3 orc priests
  2 iguanas
  2 orc wizards (D:5)
  4 worker ants (D:4)
  A gnoll (D:5)
  7 adders
  3 oozes
  5 worms
  An adder skeleton (D:5)
  3 giant geckos
  21 orcs
  7 giant cockroaches
  11 hobgoblins
  3 jackals (D:6)
  15 kobolds
  2 quokkas
  13 bats
  A giant gecko zombie (D:5)
  2 giant newts
  12 goblins
  16 rats
153 creatures vanquished.

Notes
Turn   | Place    | Note
--------------------------------------------------------------
     0 | D:1      | namelastname112, the Draconian Hunter, began the quest for the Orb.
     0 | D:1      | Reached XP level 1. HP: 17/17 MP: 1/1
   400 | D:1      | Reached XP level 2. HP: 22/25 MP: 2/2
  1115 | D:2      | Reached XP level 3. HP: 28/30 MP: 3/3
  1179 | D:2      | Reached skill level 4 in Crossbows
  1692 | D:2      | Reached skill level 1 in Polearms
  1889 | D:3      | Reached XP level 4. HP: 33/37 MP: 4/4
  2289 | D:3      | Noticed a giant frog
  2300 | D:3      | Killed a giant frog
  2300 | D:3      | Reached XP level 5. HP: 23/45 MP: 5/5
  2721 | D:4      | Reached skill level 5 in Crossbows
  2946 | D:4      | Reached XP level 6. HP: 31/52 MP: 6/6
  3445 | D:4      | Found a shadowy altar of Dithmenos.
  3691 | D:5      | Entered Level 5 of the Dungeon
  3698 | D:5      | Noticed Zwobot's ghost (average CeAM)
  3700 | D:4      | Your scales start taking on a rich purple colour.
  3700 | D:4      | Reached XP level 7. HP: 16/60 MP: 7/7
  3997 | D:5      | Reached skill level 6 in Crossbows
  4170 | D:5      | Found a staircase to the Ecumenical Temple.
  4191 | D:5      | HP: 1/60 [hobgoblin/club (3)]
  4281 | D:5      | Killed Zwobot's ghost
  4281 | D:5      | Reached skill level 5 in Fighting
  4281 | D:5      | Reached XP level 8. HP: 42/68 MP: 8/8
  4861 | D:5      | Reached skill level 7 in Crossbows
  5023 | Temple   | Entered the Ecumenical Temple
  5298 | D:5      | Found a bloodstained altar of Trog.
  5298 | D:5      | Found an iron altar of Okawaru.
  5318 | D:5      | Became a worshipper of Warmaster Okawaru
  5626 | D:6      | Reached skill level 5 in Dodging
  5907 | D:6      | Found a blossoming altar of Fedhas.
  6736 | D:6      | Mangled by an orc warrior

Action                   |  1- 3 |  4- 6 |  7- 9 || total
-------------------------+-------+-------+-------++-------
Melee: Short sword       |    86 |       |       ||    86
       Trident           |    63 |   194 |   267 ||   524
 Fire: Hand crossbow     |     4 |    29 |    55 ||    88
       Arbalest          |       |       |    11 ||    11
 Abil: Breathe Dispellin |       |       |     6 ||     6
       Evoke Teleportati |       |       |     1 ||     1
Evoke: Wand              |       |       |     3 ||     3
  Use: Potion            |       |       |     6 ||     6
 Stab: Sleeping          |     3 |     2 |     2 ||     7
  Eat: Chunk             |     3 |     6 |    11 ||    20
       Fruit             |       |       |     1 ||     1
